 Dungeon Crawl Stone Soup version 0.31-a0-152-g6aa68a64a1 (webtiles) character file.

Game seed: 5834015446194268795

170 qw the Shooter (level 5, -2/46 HPs)
             Began as a Minotaur Hunter on June 9, 2023.
             Was an Initiate of Okawaru.
             Slain by an orc
             ... wielding a +0 war axe
              (7 damage)
             ... on level 4 of the Dungeon.
             The game lasted 00:01:12 (2875 turns).

qw the Shooter (Minotaur Hunter)                    Turns: 2875, Time: 00:01:13

Health: -2/46      AC:  7    Str: 15    XL:     5   Next: 26%
Magic:  4/4        EV: 11    Int:  6    God:    Okawaru [......]
Gold:   217        SH:  0    Dex: 16    Spells: 4/4 levels left

rFire   . . .        Y - +0 shortbow
rCold   . . .        (shield currently unavailable)
rNeg    . . .        e - +0 ring mail
rPois   .            (helmet restricted)
rElec   .            f - +0 cloak
rCorr   .            h - +0 pair of gloves
SInv    .            (no boots)
Will    .....        (no amulet)
Stlth   +            (no ring)
HPRegen 0.27/turn    (no ring)
MPRegen 0.09/turn

%: no passive effects
@: no status effects
A: horns 2, retaliatory headbutt
a: Renounce Religion


You were on level 4 of the Dungeon.
You worshipped Okawaru.
Okawaru was noncommittal.
You visited 2 branches of the dungeon, and saw 5 of its levels.

You collected 217 gold pieces.


Innate Abilities, Weirdness & Mutations

You have a pair of horns on your head.
You reflexively headbutt those who attack you in melee.


   Skills:
 - Level 4.1 Fighting
 + Level 6.4 Ranged Weapons
 - Level 1.0 Armour
 - Level 2.1 Dodging
 - Level 0.7 Stealth


You had 4 spell levels left.
You didn't know any spells.
Your spell library was empty.

Inventory:

Hand Weapons
 Y - a +0 shortbow (weapon)
Armour
 e - a +0 ring mail (worn)
 f - a +0 cloak (worn)
 h - a +0 pair of gloves (worn)
Scrolls
 a - 3 scrolls of teleportation
 d - a scroll of identify
Potions
 g - a potion of haste

Dungeon Overview and Level Annotations

Branches:
Dungeon (4/15)             Temple (1/1) D:4

Altars:
Ashenzari
Cheibriados
Dithmenos
Elyvilon
Fedhas
Gozag
Hepliaklqana
Kikubaaqudgha
Makhleb
Nemelex Xobeh
Okawaru
Qazlal
Ru
Sif Muna
Uskayaw
Vehumet
Wu Jian
Xom
Yredelemnul
Zin
The Shining One


Message History

You shoot an arrow. The arrow hits the orc.
The orc is moderately wounded.
Something hits you. The orc hits you but does no damage.
The orc closely misses you. Something barely misses you.
An orc comes into view. It is wielding a +0 hand axe.
You shoot an arrow. The arrow hits the orc.
The orc is heavily wounded.
The orc closely misses you. You furiously retaliate!
You headbutt the orc.
You hear some strange, mumbled words.
Something tries to affect you, but you resist.
You shoot an arrow. The arrow barely misses the orc.
You hear some strange, mumbled words.
You are confused.
The orc hits you with a +0 war axe! Something hits you.
The orc barely misses you. The orc closely misses you. Something hits you.
The orc priest calls down the wrath of Beogh upon you.
Something hits you but does no damage. The orc closely misses you.
The adder bites you.
You are poisoned.
The adder poisons you!
You feel less confused.
You feel sick. The adder closely misses you. The orc barely misses you.
You furiously retaliate!
You headbutt the orc. You shoot an arrow. The arrow closely misses the orc.
You feel sick. The adder misses you. You furiously retaliate!
You headbutt the adder. The adder bites you but does no damage.
You shoot an arrow. The arrow barely misses the orc.
The arrow barely misses the orc priest.
You feel sick.
The orc priest looks encouraged for a moment.
The adder bites you but does no damage.
You shoot an arrow. The arrow hits the orc.
The orc is almost dead.
You feel sick.
You are no longer poisoned.
The adder bites you but does no damage. The orc hits you with a +0 hand axe.
Something hits you. The orc hits you but does no damage.
The adder closely misses you. The orc hits you with a +0 war axe!
You die...

#### #### ..... #..#
..... ##+ #!.##+##.....
#... #..#.........
+....#o##.........
#....o@...........
....(.So......#+####
..........#'###....#
..........#........
......#####..##..#######
......#......##..#......
......#......'...#......
##....#..##..##..#......
#..##..##..#......


You could see an orc priest, an adder and 2 orcs.

Vanquished Creatures
  A hound (D:4)
  A gnoll (D:3)
  3 adders (D:3)
  A dart slug (D:3)
  7 orcs
  9 ball pythons
  7 endoplasms
  5 giant cockroaches
  7 goblins
  11 hobgoblins
  3 jackals (D:1)
  7 quokkas
  7 bats
  4 frilled lizards
  8 kobolds
  3 rats
84 creatures vanquished.

Notes
Turn   | Place    | Note
-------+----------+-------------------------------------------
     0 | D:1      | qw the Minotaur Hunter began the quest for the Orb.
     0 | D:1      | Reached XP level 1. HP: 18/18 MP: 0/0
     0 | D:1      | 0 ||| qw: Version: 0.2-a-122-g1db1318
     0 | D:1      | 0 ||| qw: Game counter: 3251
     0 | D:1      | 0 ||| qw: Always use a shield: true
     0 | D:1      | 0 ||| qw: God list: Okawaru
     0 | D:1      | 0 ||| qw: Allow faded altars: false
     0 | D:1      | 0 ||| qw: Do Orc after D:15 true
     0 | D:1      | 0 ||| qw: Do second Lair branch before Depths: true
     0 | D:1      | 0 ||| qw: Lair rune preference: random
     0 | D:1      | 0 ||| qw: Plans: Normal
     0 | D:1      | 0 ||| PLANNING D:1-11
   186 | D:1      | Reached XP level 2. HP: 25/25 MP: 1/1
   205 | D:1      | Reached skill level 5 in Ranged Weapons
   280 | D:1      | Reached skill level 3 in Fighting
   477 | D:1      | Reached XP level 3. HP: 31/31 MP: 2/2
   588 | D:1      | 588 ||| UPGRADING to +0 ring mail.
   598 | D:1      | 598 ||| DROPPING +0 leather armour.
   599 | D:1      | 599 ||| READING 3 scrolls labelled WOMIR AZEYSASA.
   602 | D:1      | 602 ||| READING scroll labelled KAPHUENL REIPLYTH.
   603 | D:1      | 603 ||| DROPPING scroll of butterflies.
   811 | D:2      | Reached skill level 1 in Armour
  1417 | D:2      | 1417 ||| READING scroll labelled AHUIL NEEMA.
  1418 | D:2      | 1418 ||| READING scroll labelled YCIHIU IGOZU.
  1419 | D:2      | 1419 ||| READING scroll labelled BOLITE SIDDEA.
  1420 | D:2      | 1420 ||| READING 2 scrolls of identify.
  1420 | D:2      | 1420 ||| IDENTIFYING clear potion
  1477 | D:3      | Reached XP level 4. HP: 38/38 MP: 3/3
  1612 | D:3      | Reached skill level 6 in Ranged Weapons
  2194 | D:3      | Found an opulent altar of Gozag.
  2203 | D:3      | Found a stormy altar of Qazlal.
  2309 | D:3      | 2309 ||| UPGRADING to +0 pair of gloves.
  2314 | D:3      | 2314 ||| READING scroll labelled TOEJUMI ZIJUTE.
  2315 | D:3      | 2315 ||| READING scroll labelled NIFOLOESKO.
  2316 | D:3      | 2316 ||| READING 3 scrolls of identify.
  2316 | D:3      | 2316 ||| IDENTIFYING fizzy purple potion
  2434 | D:4      | Reached XP level 5. HP: 46/46 MP: 4/4
  2592 | D:4      | Found a staircase to the Ecumenical Temple.
  2593 | D:4      | 2593 ||| PLANNING TEMPLE
  2593 | D:4      | 2593 ||| UPGRADING to +0 cloak.
  2598 | D:4      | 2598 ||| READING scroll labelled YJOANL SOECHUURRI.
  2599 | D:4      | 2599 ||| READING 2 scrolls of identify.
  2599 | D:4      | 2599 ||| IDENTIFYING coppery potion
  2600 | D:4      | 2600 ||| DROPPING potion of attraction.
  2606 | Temple   | Entered the Ecumenical Temple
  2606 | Temple   | Found a transporter.
  2606 | Temple   | Found a transporter.
  2608 | Temple   | Found a transporter.
  2608 | Temple   | Found a transporter.
  2618 | Temple   | 2618 ||| PLANNING D:1-11
  2633 | Temple   | 2633 ||| PLANNING OKAWARU WORSHIP
  2639 | Temple   | Became a worshipper of Warmaster Okawaru
  2639 | Temple   | 2639 ||| PLANNING D:1-11
  2863 | D:4      | HP: 11/46 [orc/+0 war axe (4)]
  2864 | D:4      | 2864 ||| DRINKING potion of heal wounds.
  2875 | D:4      | HP: 7/46 [orc/+0 hand axe (5)]
  2875 | D:4      | Slain by an orc

Levels and vault maps discovered:
D:1:      eino_arrival_cavern_a, layout_basic, nicolae_titane
D:2:      layout_loops_corners
D:3:      minmay_wonky_spiral, layout_basic, mainiacjoe_overflow_swirl,
          interstate_on_off, st_stairs_11, kennysheep_generic_room_3
D:4:      layout_gridville, minmay_temple_entry_hall
Temple:   hellmonk_temple_divided_pantheon

Skill      XL: |  1  2  3  4 |
---------------+-------------+-----
Ranged Weapons | 5 6 |  6.4
Fighting       | 3 4 |  4.1
Armour         | 1 |  1.0
Dodging        | |  2.1
Stealth        | |  0.7

Action                     |  1- 3 |  4- 6 || total
---------------------------+-------+-------++-------
   Fire: Shortbow          |   126 |   127 ||   253
    Use: Scroll            |     6 |     5 ||    11
         Potion            |       |     1 ||     1
 Armour: Leather armour    |     2 |       ||     2
         Ring mail         |     1 |    32 ||    33
  Dodge: Dodged            |    26 |    52 ||    78

Table legend:
 A = Non-vault XP
 B = Vault XP
 C = Vault XP percentage of total XP
 D = Non-vault monster count
 E = Vault monster count
 F = Vault count percentage of total count
                 A         B        C        D         E       F
            +---------+---------+-------+---------+---------+-------
      Total |     203 |      41 |  16.8 |      75 |       9 |  10.7
            +---------+---------+-------+---------+---------+-------
        D:1 |      45 |       0 |   0.0 |      26 |       0 |   0.0
        D:2 |      29 |       0 |   0.0 |      17 |       0 |   0.0
        D:3 |      74 |      41 |  35.7 |      25 |       9 |  26.5
        D:4 |      55 |       0 |   0.0 |       7 |       0 |   0.0
            +---------+---------+-------+---------+---------+-------
